 Dungeon Crawl Stone Soup version 0.30.1-1-g62c8e00024 (webtiles) character file.

Game seed: 4448607295774354815

56 cheesebisquit the Digger (level 3, -1/31 HPs)
             Began as a Troll Earth Elementalist on July 15, 2023.
             Slain by a gnoll
             ... wielding a +0 whip
              (7 damage)
             ... on level 2 of the Dungeon.
             The game lasted 00:02:45 (981 turns).

cheesebisquit the Digger (Troll Earth Elementalist)  Turns: 981, Time: 00:02:46

Health: -1/31      AC:  9    Str: 18    XL:     3   Next: 69%
Magic:  1/5        EV:  9    Int: 11    God:
Gold:   47         SH:  0    Dex: 10    Spells: 5/6 levels left

rFire   . . .        (no weapon)
rCold   . . .        (no shield)
rNeg    . . .        a - +0 robe
rPois   .            (helmet restricted)
rElec   .            h - +0 cloak
rCorr   .            (gloves unavailable)
SInv    .            (boots unavailable)
Will    .....        (no amulet)
Stlth   +            i - +4 ring of protection
HPRegen 1.05/turn    (no ring)
MPRegen 0.09/turn

%: no passive effects
@: no status effects
A: large, unfitting armour, claws 3, regeneration 1, shaggy fur 1, tough skin 1
a: no special abilities


You were on level 2 of the Dungeon.
You visited 1 branch of the dungeon, and saw 2 of its levels.

You collected 47 gold pieces.

Inventory:

Missiles
 e - 3 boomerangs
Armour
 a - a +0 robe (worn)
 h - a +0 cloak (worn)
Jewellery
 i - a +4 ring of protection (left claw)
Scrolls
 c - a scroll of torment {unknown}
 d - 6 scrolls of teleportation {unknown}
 f - a scroll of blinking {unknown}
 k - 3 scrolls of amnesia {unknown}
Potions
 b - a potion of magic
 g - a potion of flight {unknown}
 j - 2 potions of brilliance {unknown}


   Skills:
 - Level 1.5 Dodging
 - Level 1.0 Stealth
 + Level 2.0 Spellcasting
 - Level 0.6 Transmutations
 + Level 3.5 Earth Magic


You had 5 spell levels left.
You knew the following spells:

 Your Spells              Type           Power      Damage    Failure   Level
a - Sandblast             Erth           16%        2d6       7%          1

Your spell library contained the following spells:

 Spells                   Type           Power      Damage    Failure   Level
 Passwall                 Tmut/Erth      4%         N/A       19%         2
 Stone Arrow              Conj/Erth      10%        3d7       38%         3
 Petrify                  Tmut/Erth      5%         N/A       77%         4


Dungeon Overview and Level Annotations

Branches:
Dungeon (2/15)

Altars:


Innate Abilities, Weirdness & Mutations

You are too large for most types of armour.
You have claws for hands.
Your natural rate of healing is unusually fast.
You are covered in fur. (AC +1)
You have tough skin. (AC +1)


Message History

You kill the endoplasm!
The gnoll hits you but does no damage. x2
The gnoll closely misses you. The gnoll hits you with a +0 whip.
Things that are here:
a +0 halberd; a gnoll corpse You claw the gnoll!
The gnoll is heavily wounded.
The gnoll barely misses you. The gnoll hits you with a +0 whip!
You barely miss the gnoll.
The gnoll is heavily wounded.
The gnoll hits you with a +0 whip. The gnoll hits you with a +0 club.
Aiming: Sandblast (safe; 7% risk of failure)
Press: ? - help, Q - select action, (/) - cycle Shift-Dir - straight line, f - gnoll
Aim: a gnoll, wielding a +0 whip (83% to hit)
The blast of sand hits the gnoll but does no damage.
The gnoll hits you with a +0 whip. The gnoll hits you with a +0 club.
Aiming: Sandblast (safe; 7% risk of failure)
Press: ? - help, Q - select action, (/) - cycle Shift-Dir - straight line, f/p - gnoll
Aim: a gnoll, wielding a +0 whip (83% to hit)
The blast of sand hits the gnoll!
The gnoll is severely wounded.
The gnoll hits you but does no damage. The gnoll barely misses you.
The gnoll hits you with a +0 whip.
* * * LOW HITPOINT WARNING * * *
The gnoll barely misses you.
Aiming: Sandblast (safe; 7% risk of failure)
Press: ? - help, Q - select action, (/) - cycle Shift-Dir - straight line, f/p - gnoll
Aim: a gnoll, wielding a +0 whip (severely wounded, 83% to hit)
The blast of sand hits the gnoll.
The gnoll is severely wounded.
The gnoll hits you but does no damage. The gnoll barely misses you.
Aiming: Sandblast (safe; 7% risk of failure)
Press: ? - help, Q - select action, (/) - cycle Shift-Dir - straight line, f/p - gnoll
Aim: a gnoll, wielding a +0 whip (severely wounded, 83% to hit)
The blast of sand hits the gnoll.
The gnoll is severely wounded.
The gnoll barely misses you. The gnoll hits you with a +0 club.
* * * LOW HITPOINT WARNING * * *
The gnoll hits you with a +0 whip!
You die...

#.##)#.................
#.##.#....<..#.#.......
#.##.##.#......#..####+
+.##.##.#.##...#.###...
####.##.#†#.#....####..
#.##.#.#.#.#..#.###. #.
#.#...#.#..#..###
#)#####.#.g+...## #..
#+#@g#h...# ..#
#......#.....
#.......##....
#.#.)...###...
#...>.#.####.. #####.
.#.###. #. .#..### ..
.+...##


You could see 2 gnolls and a jackal.

Vanquished Creatures
  A gnoll (D:2)
  A dart slug (D:2)
  A ball python (D:1)
  5 bats
  4 endoplasms
  9 hobgoblins
  A quokka (D:1)
  3 frilled lizards (D:1)
  4 goblins
  5 kobolds
  6 rats
40 creatures vanquished.

Notes
Turn   | Place    | Note
-------+----------+-------------------------------------------
     0 | D:1      | cheesebisquit the Troll Earth Elementalist began the quest
                  | for the Orb.
     0 | D:1      | Reached XP level 1. HP: 16/16 MP: 1/1
    91 | D:1      | Reached skill level 3 in Earth Magic
    92 | D:1      | Reached XP level 2. HP: 23/24 MP: 1/3
   570 | D:1      | Reached XP level 3. HP: 31/31 MP: 4/4
   981 | D:2      | Slain by a gnoll

Illustrated notes

Levels and vault maps discovered:
D:1:      giann_bridges, layout_loops_ring
D:2:      layout_basic, basic_altar, serial_shops, shop, minmay_quadrilaterals,
          uniq_jessica

Skill      XL: |  1  2  3 |
---------------+----------+-----
Earth Magic    | 3 |  3.5
Spellcasting   | 2 |  2.0
Dodging        | |  1.5
Stealth        | |  1.0
Transmutations | |  0.6

Action                     || total
---------------------------++-------
  Melee: Unarmed           ||   113
         Punch             ||     1
   Cast: Sandblast         ||    14
   Stab: Sleeping          ||     1
         Distracted        ||     1
 Armour: Robe              ||    67
  Dodge: Dodged            ||    77
